 Dungeon Crawl Stone Soup version 0.29-a0-334-gb41bcbb86e (webtiles) character file.

Game seed: 1991756978466295982

129 spaghetti the Sneak (level 5, -11/49 HPs)
             Began as a Naga Fighter on Apr 14, 2022.
             Was a Believer of Wu Jian.
             Mangled by an orc warrior
             ... wielding a +0 flail
              (17 damage)
             ... on level 4 of the Dungeon.
             The game lasted 00:04:55 (3816 turns).

spaghetti the Sneak (Naga Fighter)                  Turns: 3816, Time: 00:04:56

Health: -11/49     AC:  5    Str: 17 (19) XL:     5   Next: 12%
Magic:  0/5        EV:  7    Int:  7 (8)  God:    Wu Jian [**....]
Gold:   180        SH:  4    Dex:  9 (12) Spells: 4/4 levels left

rFire   . . .      SeeInvis +   a - +0 rapier {short}
rCold   . . .      Faith    .   c - +0 buckler
rNeg    . . .      Spirit   +   b - +0 scale mail
rPois   +          Reflect  .   (no helmet)
rElec   .          Harm     .   (no cloak)
rCorr   .          Rampage  .   (no gloves)
Will    +....                   (no barding)
Stlth   ..........              n - amulet of guardian spirit
HPRegen 0.16/turn               q - ring of willpower
MPRegen 0.09/turn               (no ring)

@: silenced, very slow
A: AC +1, large, see invisible, deformed body, poison resistance, slowness 2,
spit poison 1, naga tail 1
a: Spit Poison, Renounce Religion, Wall Jump


You were on level 4 of the Dungeon.
You worshipped Wu Jian.
Wu Jian was pleased with you.
You visited 1 branch of the dungeon, and saw 4 of its levels.

You collected 180 gold pieces.


Innate Abilities, Weirdness & Mutations

Your serpentine skin is tough. (AC +1)
You have supernaturally acute eyesight. (SInv)
Armour fits poorly on your strangely shaped body.
Your system is resistant to poisons. (rPois)
You cover ground very slowly.
You can spit poison.
You have a snake-like lower body.


   Skills:
 - Level 3.0 Fighting
 * Level 3.7 Short Blades
 + Level 2.5 Armour
 * Level 5.0 Stealth
 - Level 2.4 Shields


You had 4 spell levels left.
You didn't know any spells.
Your spell library contained the following spells:

 Spells                   Type           Power      Damage    Failure   Level
 Frozen Ramparts          Ice            0%         1d2       99%         3
 Ice Form                 Ice/Tmut       0%         N/A       100%        4
 Summon Ice Beast         Ice/Summ       0%         N/A       100%        4

Inventory:

Hand Weapons
 a - a +0 rapier (weapon) {short}
Missiles
 j - 49 stones (quivered) {throwing}
 p - 8 poisoned darts {throwing}
Armour
 b - a +0 scale mail (worn)
 c - a +0 buckler (worn)
Jewellery
 n - an amulet of guardian spirit (around neck)
   (You found it on level 2 of the Dungeon)
 q - a ring of willpower (left hand)
   (You found it on level 3 of the Dungeon)
 r - a ring of see invisible
   (You found it on level 3 of the Dungeon)
Scrolls
 e - 2 scrolls of teleportation {unknown}
 i - a scroll of brand weapon {unknown}
 l - 2 scrolls of immolation {unknown}
 m - 3 scrolls of identify {unknown}
 o - a scroll of vulnerability {unknown}

Dungeon Overview and Level Annotations

Branches:
Dungeon (4/15)
 Temple: D:4-7

Altars:
Wu Jian

.......(..####..##
..................###
#.....o.............##
#....................
#................##.
#..............##
#..............#
##°o..........### .
...##.o@............##..
..........°...............
#.........................
####.......<..............
##.................#...
#...............##....
#..............## ....
##............## ....
#.............. ...


You could see an orc warrior and 2 orcs.


Message History

You assume a fearsome visage.
The orc warrior looks frightened!
The orc looks frightened! x3; It was a scroll of fear. 😱 HP[+1] 😱 MP[+1] 😱 HP[+1] 😱 HP[+1] MP[+1]
(D) Dungeon
Where to? (Enter - D:4, ? - help)
Found a stone staircase leading down and a stone staircase leading up.
There is a stone staircase leading up here.
You climb upwards.
There is a stone staircase leading down here. 😱 HP[+4] MP[+2]
You regained 4 hp, and now have 9/49 hp.
You regained 2 mp, and now have 4/5 mp.
You start resting. 😱 HP[+1] MP[+1]
Your mp is fully restored (5).
You start resting.
You feel a little less mighty now. 😎 HP[+39]
Your hp is fully restored (49).
Unknown command.
You climb downwards.
There is a stone staircase leading up here.
An orc warrior is nearby!
An orc warrior is nearby!
An orc warrior is nearby!
You throw a stone {throwing}.
The stone {throwing} barely misses the orc warrior.
Aiming: Spit Poison (1% risk of failure)
Press: ? - help, Shift-Dir - straight line, f/p - orc warrior
Aim: an orc warrior, wielding a +0 flail and wearing a +0 chain mail (54% to hit)
You fail to use your ability.
Okay, then.
Aiming: Spit Poison (1% risk of failure)
Press: ? - help, Shift-Dir - straight line, f/p - orc warrior
Aim: an orc warrior, wielding a +0 flail and wearing a +0 chain mail (54% to hit)
The splash of poison hits the orc warrior but does no damage.
It was a potion of heal wounds.
You feel much better.
You completely miss the orc warrior. You hit the orc warrior.
You have got your breath back.
The orc warrior hits you with a +0 flail! 😕 HP[-12] MP[-2]
You take 12 damage, and now have 37/49 hp.
MASSIVE DAMAGE!! (PAUSE)
You lost 2 mp, and now have 3/5 mp.
You hit the orc but do no damage. The orc hits you but does no damage.
The orc warrior barely misses you.
You hit the orc. The orc hits you but does no damage.
You block the orc warrior's attack. 😕 HP[+1]
Aiming: Spit Poison (1% risk of failure)
Press: ? - help, Shift-Dir - straight line, f/p - orc warrior
Aim: an orc warrior, wielding a +0 flail and wearing a +0 chain mail (moderately wounded, 54% to hit)
The splash of poison hits the orc warrior but does no damage.
The orc hits you with a +0 club.
The orc warrior hits you with a +0 flail!!
* * * LOW HITPOINT WARNING * * *
😨 HP[-20] MP[-1]
You take 20 damage, and now have 18/49 hp.
MASSIVE DAMAGE!! (PAUSE)
You lost 1 mp, and now have 2/5 mp.
Unknown command.
You feel much better. The orc hits you but does no damage.
The orc warrior hits you with a +0 flail. 😮 HP[+16]
You regained 16 hp, and now have 34/49 hp.
Unknown command.
Unknown command.
You hit the orc.
You kill the orc!
The Council accepts your kill.
The orc warrior hits you with a +0 flail!
* * * LOW HITPOINT WARNING * * *
😨 HP[-12] MP[-1]
You take 12 damage, and now have 22/49 hp.
MASSIVE DAMAGE!! (PAUSE)
You lost 1 mp, and now have 1/5 mp.
Aiming: Wall Jump
Press: ? - help, Dir - move target, p - orc warrior You repeatedly attack the orc warrior from above.
You hit the orc warrior. You barely miss the orc warrior.
You have got your breath back.
You block the orc warrior's attack.
The orc warrior hits you with a +0 flail!
* * * LOW HITPOINT WARNING * * *
The orc hits you with a +0 flail.
* * * LOW HITPOINT WARNING * * *
You block the orc's attack.
The orc warrior closely misses you. 😱 HP[-17] MP[-1]
You take 17 damage, and now have 5/49 hp.
MASSIVE DAMAGE!! (PAUSE)
You lost 1 mp, and now have 0/5 mp.
As you read the scroll labelled RIH NEXORPHO, it crumbles to dust.
A profound silence engulfs you.
It was a scroll of silence.
The orc closely misses you.
The orc warrior hits you with a +0 flail!
You die...

Skill      XL: |  1  2  3  4 |
---------------+-------------+-----
Stealth        | 2 3 5 |  5.0
Short Blades   | 3 |  3.7
Fighting       | |  3.0
Armour         | |  2.5
Shields        | |  2.4

Action                   |  1- 3 |  4- 6 || total
-------------------------+-------+-------++-------
Melee: Rapier            |    97 |    82 ||   179
Throw: Stone             |    22 |    42 ||    64
Invok: Lunge             |     1 |     1 ||     2
       Whirlwind         |       |     3 ||     3
 Abil: Spit Poison       |    13 |    14 ||    27
       Wall Jump         |       |     1 ||     1
  Use: Potion            |       |     4 ||     4
       Scroll            |       |     2 ||     2
Armor: Scale mail        |    46 |    29 ||    75
Dodge: Dodged            |    38 |    17 ||    55
Block: Buckler           |    21 |    18 ||    39

Levels and vault maps discovered:
D:1:      dpeg_arrival_tiny_d, layout_basic, ebering_ecumenical_altar_box,
          serial_park_tiny_2
D:2:      layout_loops_ring, grunt_ministairs_1, item_on_display_a
D:3:      layout_basic
D:4:      layout_layer_cave, minmay_temple_entry_junction

Notes
Turn   | Place    | Note
-------+----------+-------------------------------------------
     0 | D:1      | spaghetti the Naga Fighter began the quest for the Orb.
     0 | D:1      | Reached XP level 1. HP: 21/21 MP: 1/1
     0 | D:1      | magus.rc [v1.9.6]
    39 | D:1      | Reached skill level 1 in Stealth
   168 | D:1      | Reached skill level 2 in Stealth
   168 | D:1      | Reached XP level 2. HP: 24/28 MP: 2/2
   309 | D:1      | Found a faded altar of an unknown god.
   854 | D:1      | Prayed at the altar of an unknown god.
   854 | D:1      | Became a worshipper of the Wu Jian Council
   854 | D:1      | Reached * piety under Wu Jian
   948 | D:1      | Reached skill level 3 in Stealth
   948 | D:1      | Reached XP level 3. HP: 18/34 MP: 3/3
  1531 | D:2      | You pick up a book of Rime and begin reading...
  1531 | D:2      | You add the spells Frozen Ramparts, Ice Form and Summon Ice
                  | Beast to your library.
  1570 | D:2      | Reached skill level 3 in Short Blades
  2035 | D:2      | Reached XP level 4. HP: 42/42 MP: 4/4
  2043 | D:2      | Reached skill level 4 in Stealth
  2539 | D:3      | Reached ** piety under Wu Jian
  3506 | D:4      | Noticed an orc warrior
  3511 | D:4      | Reached skill level 5 in Stealth
  3511 | D:4      | Reached XP level 5. HP: 35/49 MP: 5/5
  3514 | D:4      | HP: 2/49 [orc warrior/+0 flail (15)]
  3815 | D:4      | HP: 8/49 [orc warrior/+0 flail (14)]
  3816 | D:4      | Mangled by an orc warrior

Vanquished Creatures
  An orc priest (D:4)
  An adder (D:3)
  3 worms
  4 dart slugs
  An orc (D:4)
  9 endoplasms
  2 giant cockroaches
  10 goblins
  3 hobgoblins
  3 jackals (D:1)
  8 kobolds
  2 quokkas
  6 ball pythons
  10 bats
  A frilled lizard (D:1)
  4 rats
68 creatures vanquished.

Table legend:
 A = Non-vault XP
 B = Vault XP
 C = Vault XP percentage of total XP
 D = Non-vault monster count
 E = Vault monster count
 F = Vault count percentage of total count
                 A         B        C        D         E       F
            +---------+---------+-------+---------+---------+-------
      Total |     183 |       2 |   1.1 |      66 |       2 |   2.9
            +---------+---------+-------+---------+---------+-------
        D:1 |      45 |       0 |   0.0 |      23 |       0 |   0.0
        D:2 |      40 |       2 |   4.8 |      19 |       2 |   9.5
        D:3 |      44 |       0 |   0.0 |      18 |       0 |   0.0
        D:4 |      54 |       0 |   0.0 |       6 |       0 |   0.0
            +---------+---------+-------+---------+---------+-------

Illustrated notes

Table legend:
 A = Kills in this place as a percentage of kills in entire the game.
 B = Kills by you in this place as a percentage of kills by you in the entire game.
 C = Kills by friends in this place as a percentage of kills by friends in the entire game.
 D = Other kills in this place as a percentage of other kills in the entire game.
 E = Experience gained in this place as a percentage of experience gained in the entire game.
 F = Experience gained in this place divided by the number of levels of this place that you have seen.
                   A       B       C       D       E      F
               +-------+-------+-------+-------+-------+----------------------
         Total | 100.0 | 100.0 |   N/A |   N/A | 100.0 |  46.2
       Dungeon | 100.0 | 100.0 |   N/A |   N/A | 100.0 |  46.2
               +-------+-------+-------+-------+-------+----------------------

Table legend: (Time is in decaauts)
 A = Elapsed time spent in this place.
 B = Non-inter-level travel time spent in this place.
 C = Inter-level travel time spent in this place.
 D = Time resting spent in this place.
 E = Time spent auto-exploring this place.
 F = Levels seen in this place.
 G = Mean time per level.
                   A        B        C        D        E       F      G
               +--------+--------+--------+--------+--------+-----+--------+
         Total |   4663 |   4429 |    234 |   1021 |   2840 |   4 | 1165.8 |
       Dungeon |   4663 |   4429 |    234 |   1021 |   2840 |   4 | 1165.8 |
               +--------+--------+--------+--------+--------+-----+--------+

Top non-repeatable levels by time:
     D:1: 1719 daAuts
     D:3: 1502 daAuts
     D:2: 1260 daAuts
     D:4: 181 daAuts
